 Dungeon Crawl Stone Soup version 0.17.0-28-g6e173f8 (webtiles) character file.

7193 Raultor the Arsonist (level 11, -7/72 HPs)
             Began as an Octopode Fire Elementalist on Nov 22, 2015.
             Was a Believer of Vehumet.
             Mangled by a troll (14 damage)
             ... on level 10 of the Dungeon.
             The game lasted 00:55:49 (13484 turns).

Raultor the Arsonist (Octopode Fire Elementalist)  Turns: 13484, Time: 00:55:50

Health: -7/72      AC:  3    Str: 13    XL:     11   Next: 11%
Magic:  27/27      EV: 13    Int: 24    God:    Vehumet [**....]
Gold:   478        SH:  0    Dex: 20    Spells: 4 memorised, 8 levels left

rFire  + . .     SeeInvis .     a - +8 war axe "Idwuhawe" {chop, *Noise rPois Str+6 Stlth+}
rCold  . . .     Clarity  .     (no shield)
rNeg   + . .     SustAt   .     (helmet restricted)
rPois  +         Gourm    .     (no amulet)
rElec  .         Spirit   .     e - ring of positive energy
rCorr  .         Warding  .     d - +4 ring of intelligence
rMut   .         Stasis   .     k - ring of protection from cold
MR     .....                    q - +3 ring of dexterity
Stlth  +++++.....               u - +3 ring of dexterity
                                v - ring of magical power
                                A - ring of fire
                                (no ring)

@: not resistant to hostile enchantments, quite stealthy
A: almost no armour, amphibious, 8 rings, constrict 8, thin metallic scales 1,
camouflage 1, gelatinous body 1
a: Renounce Religion


You were on level 10 of the Dungeon.
You worshipped Vehumet.
Vehumet was pleased with you.
You were not hungry.

You visited 2 branches of the dungeon, and saw 11 of its levels.

You collected 478 gold pieces.

Inventory:

Hand Weapons
 a - the +8 war axe "Idwuhawe" (weapon) {chop, *Noise rPois Str+6 Stlth+}
   (You found it on level 6 of the Dungeon)

   It inflicts extra damage upon your enemies.
   It affects your strength (+6).
   It protects you from poison.
   It may make noises in combat.
   It makes you more stealthy.
 c - a +0 hand axe of electrocution
 N - a +0 quarterstaff
Missiles
 j - 112 stones (quivered)
 y - a throwing net
Magical Staves
 b - an uncursed staff of power
Jewellery
 d - a +4 ring of intelligence (right tentacle)
 e - a ring of positive energy (left tentacle)
 k - a ring of protection from cold (on tentacle)
 q - a +3 ring of dexterity (on tentacle)
 u - a +3 ring of dexterity (on tentacle)
 v - a ring of magical power (on tentacle)
 A - a ring of fire (on tentacle)
Wands
 r - a wand of digging (17)
 O - a wand of digging (11)
 Q - a wand of disintegration (12)
Scrolls
 f - 3 scrolls of random uselessness {unknown}
 g - 2 scrolls of magic mapping {unknown}
 i - 3 scrolls of remove curse {unknown}
 m - 5 scrolls of identify
 n - a scroll of recharging {unknown}
 t - a scroll of blinking {unknown}
 B - a scroll of teleportation {unknown}
 C - 2 scrolls of enchant weapon {unknown}
 D - 2 scrolls of amnesia {unknown}
 E - 2 scrolls of fear {unknown}
 P - a scroll of brand weapon {unknown}
Potions
 h - 3 potions of might {unknown}
 o - 7 potions of curing
 p - 3 potions of brilliance {unknown}
 w - a potion of agility
 x - a potion of ambrosia
 z - 2 potions of haste
 J - a potion of berserk rage
 K - a potion of magic
 M - 3 potions of cancellation {unknown}
Books
 l - a book of Ice

   Spells                             Type                      Level
   a - Ice Form                       Ice/Transmutation            4
   b - Metabolic Englaciation         Hexes/Ice                    5
   c - Ozocubu's Refrigeration        Ice                          6
   d - Bolt of Cold                   Conjuration/Ice              6
   e - Freezing Cloud                 Conjuration/Ice/Air          6
   f - Simulacrum                     Ice/Necromancy               6
 H - a book of Flames

   Spells                             Type                      Level
   a - Flame Tongue                   Conjuration/Fire             1
   b - Throw Flame                    Conjuration/Fire             2
   c - Conjure Flame                  Conjuration/Fire             3
   d - Inner Flame                    Hexes/Fire                   3
   e - Sticky Flame                   Conjuration/Fire             4
   f - Fireball                       Conjuration/Fire             5
Comestibles
 s - 5 meat rations
 G - 4 bread rations
 I - 2 royal jellies
 L - 2 fruits


   Skills:
 + Level 5.8 Fighting
 - Level 4.6 Axes
 - Level 2.0 Dodging
 - Level 2.6 Stealth
 * Level 4.7 Spellcasting
 - Level 9.2 Conjurations
 * Level 11.1 Fire Magic


You had 8 spell levels left.
You knew the following spells:

 Your Spells              Type           Power        Failure   Level  Hunger
a - Flame Tongue          Conj/Fire      #####        1%          1    None
b - Conjure Flame         Conj/Fire      ######..     1%          3    ##.....
c - Throw Flame           Conj/Fire      ######       1%          2    None
d - Fireball              Conj/Fire      ######....   4%          5    #####..


Dungeon Overview and Level Annotations

Branches:
Dungeon (10/15)            Temple (1/1) D:7             Orc (0/4) D:9
   Lair: D:8-11

Altars:
Ashenzari
Dithmenos
Fedhas
Gozag
Kikubaaqudgha
Makhleb
Nemelex Xobeh
Okawaru
Ru
Sif Muna
Trog
Vehumet
Xom
Yredelemnul
Zin
The Shining One
Beogh

Annotations:
D:2 exclusion: gnoll
D:4 Dowan, Duvessa
D:6 Prince Ribbit


Innate Abilities, Weirdness & Mutations

You cannot wear most types of armour.
You are amphibious.
You can wear up to eight rings at the same time.
You can use your tentacles to constrict eight enemies at once.
Your skin changes colour to match your surroundings (Stealth).
Your rubbery body absorbs attacks (AC +1).
You are partially covered in thin metallic scales (AC +2).


Message History

Aiming: Throw Flame
Press: ? - help, Shift-Dir - straight line, f - troll
Aim: a troll You feel a surge of power!
The puff of flame misses the troll.
The troll bites you!!
* * * LOW HITPOINT WARNING * * *
The troll misses you. The troll claws you.
* * * LOW HITPOINT WARNING * * *
You feel your magic capacity decrease.
a - the +8 war axe "Idwuhawe" (weapon)
{chop, *Noise rPois Str+6 Stlth+} You are too injured to fight recklessly!
You hit the troll but do no damage. The troll bites you.
* * * LOW HITPOINT WARNING * * *
The troll closely misses you. The troll barely misses you.
You slice the troll!! You squeeze the troll.
The troll is heavily wounded.
The troll completely misses you. The troll claws you.
* * * LOW HITPOINT WARNING * * *
The troll claws you but does no damage. The troll bites you!
You die...

###### #....#
#.T..##########. ######
###@...##........
##....####...#.....(....##
#..........#####.........#
##....###### ##...c.....#
##....# ######..........#
#...#.###...............#
#.).#..##.#####...........
#...........# #...........
#.........#.###.......c.##


You could see a troll and a centaur (wandering).

Vanquished Creatures
  Erica (D:8)
  A trapdoor spider (D:10)
  A deep elf mage (D:10)
  A wyvern (D:8)
  A hippogriff (D:8)
  Grum (D:9)
  6 hungry ghosts
  4 wolves
  A sky beast (D:9)
  2 water moccasins
  2 black bears
  4 orc warriors
  An ice beast (D:5)
  2 ogres
  A phantom (D:7)
  A necrophage (D:9)
  A crocodile (D:7)
  An eye of draining (D:6)
  3 centaurs
  Blork the orc (D:4)
  2 wyvern zombies (D:8)
  A big kobold (D:7)
  A wyvern skeleton (D:9)
  8 giant frogs
  A water moccasin skeleton (D:6)
  A scorpion (D:9)
  9 killer bees
  5 crimson imps
  2 giant frog zombies
  5 jellies
  8 orc wizards
  5 hounds
  2 iguanas
  8 orc priests
  2 worker ants
  Natasha (thrice) (D:4)
  A hound zombie (D:5)
  A worker ant zombie (D:10)
  A hound skeleton (D:7)
  4 gnolls (D:7)
  20 adders
  A shadow imp (D:7)
  An ooze (D:6)
  2 worms
  9 giant geckos
  54 orcs
  5 ball pythons
  6 giant cockroaches
  A hobgoblin (D:1)
  16 jackals
  13 kobolds
  7 quokkas
  9 bats
  5 giant newts
  21 goblins
  A jackal skeleton (D:5)
  A quokka skeleton (D:5)
  A quokka zombie (D:7)
  14 rats
293 creatures vanquished.

Vanquished Creatures (others)
  A centaur skeleton (D:8)
1 creature vanquished.

Grand Total: 294 creatures vanquished

Notes
Turn   | Place    | Note
--------------------------------------------------------------
     0 | D:1      | Raultor the Octopode Fire Elementalist began the quest for the Orb.
     0 | D:1      | Reached XP level 1. HP: 11/11 MP: 3/3
    83 | D:1      | Reached XP level 2. HP: 7/17 MP: 5/5
   913 | D:1      | Reached XP level 3. HP: 18/21 MP: 6/6
   938 | D:1      | Learned a level 3 spell: Conjure Flame
  1808 | D:2      | Reached skill level 1 in Fighting
  1976 | D:2      | Reached XP level 4. HP: 23/28 MP: 5/7
  2127 | D:2      | Learned a level 2 spell: Throw Flame
  2730 | D:3      | HP: 1/28 [adder (2)]
  2733 | D:3      | Reached skill level 4 in Fire Magic
  3143 | D:3      | Reached XP level 5. HP: 23/33 MP: 0/8
  4347 | D:3      | Reached XP level 6. HP: 39/39 MP: 5/9
  4881 | D:3      | Reached skill level 5 in Fire Magic
  5007 | D:4      | Noticed Natasha
  5009 | D:4      | Killed Natasha
  5009 | D:4      | Reached skill level 1 in Axes
  5064 | D:4      | Noticed Duvessa
  5078 | D:4      | Found a deep blue altar of Sif Muna.
  5078 | D:4      | Noticed Blork the orc
  5176 | D:4      | Noticed Natasha
  5182 | D:4      | Killed Natasha
  5213 | D:4      | Killed Blork the orc
  5313 | D:4      | Noticed Natasha
  5315 | D:4      | Killed Natasha
  5677 | D:4      | Noticed Dowan
  5695 | D:5      | Entered Level 5 of the Dungeon
  5778 | D:5      | Reached XP level 7. HP: 45/45 MP: 10/10
  6666 | D:6      | Reached skill level 6 in Fire Magic
  7075 | D:6      | Noticed Prince Ribbit
  7233 | D:6      | Found a shimmering altar of Xom.
  7238 | D:6      | Found a shimmering altar of Xom.
  7238 | D:6      | Found a shimmering altar of Xom.
  7238 | D:6      | Found a shimmering altar of Xom.
  7364 | D:6      | Reached XP level 8. HP: 30/52 MP: 11/11
  7434 | D:6      | Got an encrusted war axe
  7435 | D:6      | Identified the +8 war axe "Idwuhawe" {chop, *Noise rPois Str+6 Stlth+} (You found it on level 6 of the Dungeon)
  7462 | D:6      | Reached skill level 5 in Conjurations
  7636 | D:6      | Learned a level 5 spell: Fireball
  7736 | D:6      | Found a shimmering altar of Xom.
  7950 | D:6      | Reached skill level 7 in Fire Magic
  8888 | D:7      | Reached XP level 9. HP: 51/57 MP: 11/12
  9082 | D:7      | Reached skill level 8 in Fire Magic
  9551 | D:7      | Found a staircase to the Ecumenical Temple.
  9574 | Temple   | Entered the Ecumenical Temple
  9630 | Temple   | Became a worshipper of Vehumet
 10428 | D:8      | Reached skill level 9 in Fire Magic
 10482 | D:8      | Found a glowing golden altar of the Shining One.
 10545 | D:8      | Reached XP level 10. HP: 53/63 MP: 1/13
 10587 | D:8      | Noticed Erica
 10740 | D:8      | Killed Erica
 10833 | D:8      | HP: 2/65 [centaur/arrow (10)]
 11186 | D:8      | Reached skill level 10 in Fire Magic
 11323 | D:8      | Reached * piety under Vehumet
 11323 | D:8      | Offered knowledge of Magic Dart by Vehumet.
 11513 | D:8      | Gained mutation: You are partially covered in thin metallic scales (AC +2). [potion of beneficial mutation]
 11909 | D:9      | Reached skill level 5 in Fighting
 12154 | D:9      | Noticed Grum
 12169 | D:9      | Killed Grum
 12491 | D:9      | Found a staircase to the Orcish Mines.
 12504 | D:9      | Found a roughly hewn altar of Beogh.
 12680 | D:9      | Found a basalt altar of Yredelemnul.
 12760 | D:9      | Reached ** piety under Vehumet
 12760 | D:9      | Offered knowledge of Sandblast by Vehumet.
 12878 | D:10     | Entered Level 10 of the Dungeon
 12892 | D:10     | Reached XP level 11. HP: 72/72 MP: 16/17
 13205 | D:10     | Reached skill level 11 in Fire Magic
 13242 | D:10     | Noticed a hill giant
 13303 | D:9      | Offered knowledge of Dazzling Spray by Vehumet.
 13484 | D:10     | Mangled by a troll

Action                   |  1- 3 |  4- 6 |  7- 9 | 10-12 || total
-------------------------+-------+-------+-------+-------++-------
Melee: Unarmed           |    96 |    49 |       |       ||   145
       Hand axe          |       |    86 |    31 |       ||   117
       War axe           |       |       |    31 |    24 ||    55
       Staff             |       |       |     2 |       ||     2
 Cast: Flame Tongue      |    21 |    42 |    82 |    48 ||   193
       Conjure Flame     |     2 |     6 |     5 |    11 ||    24
       Throw Flame       |       |    30 |    93 |    87 ||   210
       Fireball          |       |       |     1 |    17 ||    18
  Use: Potion            |     1 |     1 |       |     1 ||     3
       Scroll            |       |       |       |     6 ||     6
 Stab: Sleeping          |     9 |     9 |     2 |       ||    20
       Distracted        |       |       |     1 |       ||     1
  Eat: Chunk             |     4 |    15 |    25 |    16 ||    60
       Meat ration       |       |       |       |     1 ||     1
